 Dungeon Crawl Stone Soup version 0.19-a0-559-ga3d69d0 (webtiles) character file.

3 ololoev the Firebug (level 1, 1/10 HPs)
             Began as a Deep Elf Fire Elementalist on June 8, 2016.
             Quit the game on level 2 of the Dungeon.
             The game lasted 00:00:39 (83 turns).

ololoev the Firebug (Deep Elf Fire Elementalist)      Turns: 83, Time: 00:00:40

Health: 1/10       AC:  2    Str:  5    XL:     1   Next: 41%
Magic:  0/6        EV: 13    Int: 19    God:
Gold:   8          SH:  0    Dex: 15    Spells: 1 memorised, 5 levels left

rFire  . . .     SeeInvis .     (no weapon)
rCold  . . .     Gourm    .     a - +0 robe
rNeg   . . .     Faith    .     (no shield)
rPois  .         Spirit   .     (no helmet)
rElec  .         Dismiss  .     (no cloak)
rCorr  .         Reflect  .     (no gloves)
SustAt .         Harm     .     (no boots)
MR     .....                    (no amulet)
Stlth  ++........               (no ring)
                                (no ring)

@: not resistant to hostile enchantments, unstealthy
A: no striking features
a: no special abilities

Inventory:

Armour
 a - a +0 robe (worn)
Scrolls
 d - a scroll of recharging {unknown}
Books
 b - a book of Flames

   Spells                             Type                      Level
   a - Flame Tongue                   Conjuration/Fire             1
   b - Throw Flame                    Conjuration/Fire             2
   c - Conjure Flame                  Conjuration/Fire             3
   d - Inner Flame                    Hexes/Fire                   3
   e - Sticky Flame                   Conjuration/Fire             4
   f - Fireball                       Conjuration/Fire             5
Comestibles
 c - a bread ration


   Skills:
 - Level 2.4 Dodging
 - Level 2.4 Stealth
 + Level 3.0 Spellcasting
 * Level 1.4 Conjurations
 + Level 3.3 Fire Magic


You had 5 spell levels left.
You knew the following spells:

 Your Spells              Type           Power        Failure   Level  Hunger
a - Flame Tongue          Conj/Fire      ##...        8%          1    None


You were on level 2 of the Dungeon.
You were not hungry.

You visited 1 branch of the dungeon, and saw 2 of its levels.

You collected 8 gold pieces.

.........#.##.....
#.##.?.l...........
#.....#.##....>..
.....$.##.##.......
#########..........
#..†l..........
#.####...#..# #.#
#......# #.#
#.@.#.# #.# ##.##.#
#.# #bK..# #l#
#.##.# #b# #l# #
#.#####.##.#
#.##.......#
#...l......#
####.##.##.#

Notes
Turn   | Place    | Note
--------------------------------------------------------------
     0 | D:1      | ololoev the Deep Elf Fire Elementalist began the quest for the Orb.
     0 | D:1      | Reached XP level 1. HP: 10/10 MP: 6/6
    83 | D:2      | Quit the game

Dungeon Overview and Level Annotations

Branches:
Dungeon (2/15)

Altars:


Message History

Confirm with . or Enter, or press ? or * to list all spells.
Aiming: Flame Tongue
Press: ? - help, Shift-Dir - straight line, f/p - hobgoblin
Aim: a hobgoblin (moderately wounded)
The flame tongue hits the hobgoblin.
The hobgoblin is heavily wounded.
The bat barely misses you. The hobgoblin completely misses you.
Casting: Flame Tongue
Confirm with . or Enter, or press ? or * to list all spells.
You don't have enough magic to cast that spell.
The bat misses you. The bat hits you but does no damage.
Casting: Flame Tongue
Confirm with . or Enter, or press ? or * to list all spells.
Aiming: Flame Tongue
Press: ? - help, Shift-Dir - straight line, f/p - hobgoblin
Aim: a hobgoblin (heavily wounded)
The flame tongue hits the hobgoblin.
You kill the hobgoblin!
The bat hits you but does no damage. The bat closely misses you.
The bat hits you but does no damage. The rat bites you. The bat hits you.
There is an open door here.
You see here a rat corpse.
The bat barely misses you. The bat misses you. The bat closely misses you.
There is an escape hatch in the floor here.
The bat hits you but does no damage. x2
You slide downwards.
The hatch slams shut behind you.
A giant newt comes into view.
Found a scroll labeled GIXERYETUD and a gold piece.
The bat misses you. The bat hits you but does no damage.
The bat closely misses you. The bat misses you.
A bat comes into view.
The bat closely misses you.
Found an inky potion.
A kobold comes into view. It is wielding a short sword.
The kobold shouts!
The bat closely misses you. The bat hits you.
Found a stone staircase leading down.
The bat closely misses you. The bat misses you.
Your magical contamination has completely faded away.
The bat closely misses you. The bat misses you. The bat closely misses you.
Casting: Flame Tongue
Confirm with . or Enter, or press ? or * to list all spells.
Aiming: Flame Tongue
Press: ? - help, Shift-Dir - straight line, f - bat
Aim: a bat The flame tongue hits the bat.
You kill the bat!
The bat hits you. The bat closely misses you.
The bat hits you but does no damage. The bat barely misses you.
Casting: Flame Tongue
Confirm with . or Enter, or press ? or * to list all spells.
Aiming: Flame Tongue
Press: ? - help, Shift-Dir - straight line, f - kobold
Aim: a kobold, wielding a short sword The flame tongue misses the kobold.
The flame tongue misses the bat.
The kobold hits you but does no damage.
Casting: Flame Tongue
Confirm with . or Enter, or press ? or * to list all spells.
Aiming: Flame Tongue
Press: ? - help, Shift-Dir - straight line, f/p - kobold
Aim: a kobold, wielding a short sword The flame tongue hits the kobold.
The kobold is moderately wounded.
The bat hits you. The kobold hits you with a short sword. The bat hits you.
The bat hits you but does no damage. The bat hits you but does no damage.
The bat barely misses you. The bat hits you but does no damage. x2
The bat closely misses you. The bat closely misses you. The bat hits you.
The bat completely misses you.
Are you sure you want to abandon this character and quit the game? (Confirm with "yes".)

You could see a bat, a kobold and a giant newt.

Vanquished Creatures
  A hobgoblin (D:1)
  A bat (D:2)
  A kobold (D:1)
  A rat (D:1)
4 creatures vanquished.

Action                   || total
-------------------------++-------
 Cast: Flame Tongue      ||    10
Armor: Robe              ||    13
Dodge: Dodged            ||    28

Vault maps used:
D:1:      erik_arrival_cave_to_civilisation
D:2:      grunt_temple_overflow_magic_moments, serial_undead, serial_undead_c,
          serial_undead_f, serial_undead_b, serial_undead_c, uniq_natasha
